 Dungeon Crawl Stone Soup version 0.29.1-2-gbd0b4ee654 (webtiles) character file.

Game seed: 7882843052322365148

45 H0rd4k the Charlatan (level 3, -3/25 HPs)
             Began as an Octopode Artificer on Nov 29, 2022.
             Slain by an orc priest
             ... wielding a +0 short sword
              (6 damage)
             ... on level 2 of the Dungeon.
             The game lasted 00:01:08 (1496 turns).

H0rd4k the Charlatan (Octopode Artificer)           Turns: 1496, Time: 00:01:09

Health: -3/25      AC:  1    Str: 11    XL:     3   Next: 64%
Magic:  5/5        EV: 13    Int: 15    God:
Gold:   24         SH:  0    Dex: 12    Spells: 4/4 levels left

rFire   . . .      SeeInvis .     - Unarmed
rCold   . . .      Faith    .   (no shield)
rNeg    . . .      Spirit   .   (helmet restricted)
rPois   .          Reflect  .   (no amulet)
rElec   .          Harm     .   (no ring)
rCorr   .          Rampage  .   (no ring)
Will    .....                   (no ring)
Stlth   +++.......              (no ring)
HPRegen 0.08/turn               (no ring)
MPRegen 0.09/turn               (no ring)
                                (no ring)
                                (no ring)

@: no status effects
A: almost no armour, amphibious, 8 rings, camouflage 1, gelatinous body 1,
(nimble swimmer 1), tentacles
a: no special abilities


You were on level 2 of the Dungeon.
You visited 1 branch of the dungeon, and saw 2 of its levels.

You collected 24 gold pieces.

Inventory:

Jewellery
 g - an amulet of guardian spirit
 j - a +6 ring of strength
Wands
 b - a wand of flame (15) (quivered)
 c - a wand of charming (13)
 d - a wand of iceblast (5)
Scrolls
 e - a scroll of teleportation {unknown}
 h - a scroll of identify {unknown}
 k - a scroll of summoning {unknown}
 l - a scroll of butterflies {unknown}
 m - a scroll of acquirement {unknown}
Potions
 a - 2 potions of might {unknown}
 f - a potion of flight {unknown}
 i - a potion of heal wounds {unknown}
 n - 2 potions of magic {unknown}
 o - a potion of attraction {unknown}
 p - a potion of ambrosia {unknown}
 q - a potion of degeneration {unknown}


   Skills:
 * Level 2.3 Fighting
 - Level 2.3 Dodging
 - Level 1.3 Stealth
 + Level 1.1 Unarmed Combat
 * Level 1.4 Spellcasting
 - Level 3.2 Evocations


You had 4 spell levels left.
You didn't know any spells.
Your spell library contained the following spells:

 Spells                   Type           Power      Damage    Failure   Level
 Fireball                 Conj/Fire      0%         3d3       100%        5
 Iskenderun's Battlesphe  Conj           1%         2d6       100%        5
 Conjure Ball Lightning   Conj/Air       0%         3x3d6     100%        6
 Orb of Destruction       Conj           0%         9d5       100%        7


Dungeon Overview and Level Annotations

Branches:
Dungeon (2/15)

Altars:

Shops:
D:1 (


Innate Abilities, Weirdness & Mutations

You cannot wear most types of armour.
You are amphibious.
You can wear up to eight rings at the same time.
Your skin changes colour to match your surroundings (Stealth+).
Your rubbery body absorbs attacks. (AC +1, EV +1)
((You are camouflaged when in or above water. (Stealth+)))
You have tentacles for arms and can constrict up to eight enemies at once.


Message History

You kill the orc!
The orc priest looks satisfied for a moment.
The orc priest hits you with a +0 short sword.
Things that are here:
a +0 short sword; a +0 mace; an orc corpse You tentacle-slap the orc priest.
Your grab misses the orc priest.
The orc priest is lightly wounded.
The orc priest hits you with a +0 short sword.
You closely miss the orc priest. Your grab misses the orc priest.
The orc priest is lightly wounded.
The orc priest hits you with a +0 short sword.
You tentacle-slap the orc priest but do no damage.
Your grab misses the orc priest.
The orc priest is lightly wounded.
The orc priest hits you with a +0 short sword.
You barely miss the orc priest. Your grab misses the orc priest.
The orc priest is lightly wounded.
The orc priest misses you.
You tentacle-slap the orc priest. You grab the orc priest.
The orc priest is moderately wounded.
You constrict the orc priest. The orc priest barely misses you.
You barely miss the orc priest.
The orc priest is moderately wounded.
You constrict the orc priest.
The orc priest hits you with a +0 short sword.
* * * LOW HITPOINT WARNING * * *
Aiming: Charm
Press: ? - help, Shift-Dir - straight line, f - orc priest
Aim: an orc priest, wielding a +0 short sword (moderately wounded, constricted by you, chance to affect: 57%)
The orc priest resists with significant effort.
You constrict the orc priest.
The orc priest hits you with a +0 short sword.
* * * LOW HITPOINT WARNING * * *
Aiming: Charm
Press: ? - help, Shift-Dir - straight line, f/p - orc priest
Aim: an orc priest, wielding a +0 short sword (heavily wounded, constricted by you, chance to affect: 57%)
The orc priest resists with significant effort.
You constrict the orc priest.
The orc priest hits you with a +0 short sword.
You die...

#############
#oo@........##
#o#########..#
#....o... ##.# #
...#...#.. #.# #
..... .....$#.## #
.........o..⌠#..## #
.[...........$#...# #
.......#.oo#..##.#.#
#
..###.......o.###.#.#
#


You could see an orc priest, an orc wizard and an orc.

Vanquished Creatures
  A dart slug (D:2)
  2 orcs (D:2)
  5 endoplasms
  3 giant cockroaches
  2 goblins (D:1)
  3 hobgoblins
  3 jackals (D:1)
  2 quokkas (D:1)
  2 ball pythons (D:1)
  7 bats (D:1)
  4 frilled lizards
  A kobold (D:1)
  A rat (D:1)
36 creatures vanquished.

Notes
Turn   | Place    | Note
-------+----------+-------------------------------------------
     0 | D:1      | H0rd4k the Octopode Artificer began the quest for the Orb.
     0 | D:1      | Reached XP level 1. HP: 13/13 MP: 1/1
   182 | D:1      | Reached XP level 2. HP: 10/19 MP: 2/2
   489 | D:1      | Found Esenk's Weapon Emporium.
   796 | D:1      | Reached skill level 1 in Spellcasting
   897 | D:1      | Reached XP level 3. HP: 22/24 MP: 4/4
  1283 | D:2      | Reached skill level 1 in Unarmed Combat
  1496 | D:2      | Slain by an orc priest

Illustrated notes

Levels and vault maps discovered:
D:1:      amcnicky_arrival_double_pillar, layout_basic, serial_shops,
          nicolae_shop_crystal
D:2:      cheibrodos_pilgrimage, layout_basic, minmay_tromino_v2,
          uniq_crazy_yiuf_cottage

Skill      XL: |  1  2  3 |
---------------+----------+-----
Fighting       | 2 |  2.3
Spellcasting   | 1 |  1.4
Unarmed Combat | 1 |  1.1
Dodging        | |  2.3
Stealth        | |  1.3
Evocations     | |  3.2

Action                   || total
-------------------------++-------
Melee: Unarmed           ||    88
       Constrict         ||    26
       Tentacles         ||    22
       Punch             ||     1
Evoke: Wand              ||     2
 Stab: Sleeping          ||     7
Armor: Skin              ||     7
Dodge: Dodged            ||    66
